 Dungeon Crawl Stone Soup version 0.24-a0-422-g9eff389 (webtiles) character file.

Game seed: 576900773906057984

9090 MatthieuS the Arsonist (level 11, -3/84 HPs)
             Began as a Human Fire Elementalist on June 12, 2019.
             Was a Priest of Vehumet.
             Slain by a hell hound (10 damage)
             ... on level 2 of the Lair of Beasts.
             The game lasted 00:33:00 (17029 turns).

MatthieuS the Arsonist (Human Fire Elementalist)   Turns: 17029, Time: 00:33:01

Health: -3/84      AC: 10    Str: 17    XL:     11   Next: 67%
Magic:  22/22      EV: 12    Int: 21    God:    Vehumet [***...]
Gold:   503        SH:  5    Dex: 14    Spells: 6/25 levels left

rFire    + + .     SeeInvis .   a - +5 spear of Disaster {pierce, +Rage Str+4 Int+5}
rCold    . . .     Gourm    .   F - +0 buckler
rNeg     . . .     Faith    +   C - +2 robe {rC+ rF+}
rPois    .         Spirit   .   o - +0 helmet
rElec    .         Reflect  .   x - +1 cloak
rCorr    .         Harm     .   (no gloves)
MR       +++..                  E - +2 pair of boots
Stlth    ++........             v - amulet of faith {!P}
HPRegen  0.24/turn              n - +3 ring of strength
MPRegen  0.18/turn              H - ring "Suiss" {Fire +Fly MR+++ Str-4 Int-2}

@: mighty
A: no striking features
a: Renounce Religion, Evoke Berserk Rage, Evoke Flight


You were on level 2 of the Lair of Beasts.
You worshipped Vehumet.
Vehumet was most pleased with you.
You were hungry.

You visited 3 branches of the dungeon, and saw 12 of its levels.

You collected 593 gold pieces.
You spent 90 gold pieces at shops.

Inventory:

Hand Weapons
 a - the +5 spear of Disaster (weapon) {pierce, +Rage Str+4 Int+5}
   (You took it off Ijyb on level 5 of the Dungeon)

   It inflicts extra damage upon your enemies.
   It affects your strength (+4).
   It affects your intelligence (+5).
   It lets you go berserk.
 g - a +3 spear of venom
   (You took it off a gnoll sergeant on level 9 of the Dungeon)
 z - a +4 hand axe of flaming
   (You took it off an orc on level 7 of the Dungeon)
Missiles
 f - 2 throwing nets (quivered) {!f}
 w - 6 curare-tipped darts {!f}
Armour
 o - a +0 helmet (worn)
   (You found it on level 2 of the Dungeon)
 s - a +0 pair of boots of flying
   (You found it on level 9 of the Dungeon)
 x - a +1 cloak (worn)
   (You found it on level 4 of the Dungeon)
 B - a +2 leather armour of magic resistance
   (You took it off Ijyb on level 5 of the Dungeon)
 C - a +2 robe of resistance (worn)
   (You took it off Dowan on level 7 of the Dungeon)
 E - a +2 pair of boots (worn)
   (You found it on level 9 of the Dungeon)
 F - a +0 buckler (worn)
   (You took it off a gnoll sergeant on level 9 of the Dungeon)
Jewellery
 n - a +3 ring of strength (left hand)
   (You found it on level 2 of the Dungeon)
 v - an amulet of faith (around neck) {!P}
   (You found it on level 5 of the Dungeon)
 H - the ring "Suiss" (right hand) {Fire +Fly MR+++ Str-4 Int-2}
   (You found it on level 9 of the Dungeon)

   [ring of fire]

   It enhances your fire magic.
   It affects your strength (-4).
   It affects your intelligence (-2).
   It protects you from fire.
   It makes you vulnerable to cold.
   It affects your resistance to hostile enchantments.
   It lets you fly.
Wands
 t - a wand of flame (19)
   (You took it off a big kobold on level 8 of the Dungeon)
 u - a wand of paralysis (10)
   (You found it on level 9 of the Dungeon)
Scrolls
 k - 6 scrolls of teleportation {@r4}
 y - a scroll of remove curse {@r2}
 K - a scroll of enchant weapon
Potions
 b - 3 potions of degeneration {unknown}
 c - 3 potions of curing {@q1}
 i - 2 potions of magic
 j - 2 potions of heal wounds {unknown}
 l - 3 potions of agility {unknown}
 m - a potion of resistance {unknown}
 p - a potion of brilliance
 q - 2 potions of flight
 A - a potion of haste {@q3}
 D - 3 potions of might
 J - a potion of invisibility
Miscellaneous
 h - a box of beasts
 I - a lamp of fire
   (You found it on level 9 of the Dungeon)
Comestibles
 e - 17 rations
 L - 6 chunks of flesh


   Skills:
 - Level 7.2 Fighting
 - Level 2.6 Armour
 - Level 2.0 Dodging
 - Level 3.6 Stealth
 - Level 4.3 Shields
 - Level 7.9 Spellcasting
 - Level 8.3 Conjurations
 - Level 8.9 Fire Magic
 + Level 3.0 Poison Magic


You had 6 spell levels left.
You knew the following spells:

 Your Spells              Type           Power        Failure   Level  Hunger
a - Flame Tongue          Conj/Fire      #####        1%          1    None
b - Throw Flame           Conj/Fire      ######       1%          2    None
c - Olgreb's Toxic Radia  Pois           ###.....     6%          4    ###....
d - Conjure Flame         Conj/Fire      ######..     1%          3    None
q - Sticky Flame          Conj/Fire      ######..     1%          4    ###....
x - Fireball              Conj/Fire      ######....   1%          5    #####..

Your spell library contained the following spells:

 Spells                   Type           Power        Failure   Level  Hunger
 Stone Arrow              Conj/Erth      ####..       1%          3    None
 Sting                    Conj/Pois      ####         1%          1    None
 Dazzling Spray           Conj/Hex       ####..       1%          3    None
 Inner Flame              Hex/Fire       #####...     1%          3    None
 Mephitic Cloud           Conj/Pois/Air  ###.....     1%          3    None
 Poisonous Vapours        Pois/Air       ##....       6%          2    None
 Venom Bolt               Conj/Pois      ####......   6%          5    #####..
 Corona                   Hex            #......      9%          1    None
 Ensorcelled Hibernation  Hex/Ice        #.....       12%         2    None
 Confuse                  Hex            #.......     24%         3    None
 Tukima's Dance           Hex            #.......     24%         3    None


Dungeon Overview and Level Annotations

Branches:
Dungeon (9/15)             Temple (1/1) D:6            Lair (2/6) D:8
    Orc (0/2) D:9
  Swamp: Lair:2-4    Shoals: Lair:2-4     Snake: Lair:2-4    Spider: Lair:2-4

Altars:
Ashenzari
Cheibriados
Dithmenos
Elyvilon
Fedhas
Gozag
Hepliaklqana
Kikubaaqudgha
Makhleb
Nemelex Xobeh
Okawaru
Qazlal
Ru
Sif Muna
Trog
Uskayaw
Vehumet
Wu Jian
Xom
Yredelemnul
Zin
The Shining One

Shops:
D:7 *

Portals:
Volcano: Lair:2

Annotations:
D:5 1 runed translucent door, Crazy Yiuf


Message History

You completely miss the hell hound. You block the hell hound's attack.
The hell hound bites you but does no damage.
You hit the hell hound. The hell hound bites you.
* * * LOW HITPOINT WARNING * * *
The hell hound bites you but does no damage.
You closely miss the hell hound.
Your transformation is almost over.
The hell hound bites you but does no damage.
You miss the hell hound. The hell hound barely misses you.
The hell hound bites you but does no damage.
You hit the hell hound but do no damage.
The hell hound bites you.
* * * LOW HITPOINT WARNING * * *
The hell hound bites you!
* * * LOW HITPOINT WARNING * * *
You closely miss the hell hound.
The hell hound bites you but does no damage.
You feel better.
The hell hound bites you but does no damage.
You block the hell hound's attack.
You hit the hell hound.
The hell hound bites you but does no damage.
The hell hound breathes flames at you. The blast of flame hits you. You resist.
* * * LOW HITPOINT WARNING * * *
You puncture the hell hound!
The hell hound bites you but does no damage.
You hit the hell hound but do no damage.
You feel less wooden.
Your +1 cloak unmelds from your body.
Your +0 helmet unmelds from your body.
Your +2 pair of boots unmelds from your body.
Your +2 robe of resistance unmelds from your body.
You feel resistant to extremes of temperature.
The hell hound barely misses you. The hell hound misses you.
Unknown command.
You barely miss the hell hound.
The hell hound bites you but does no damage.
The hell hound breathes flames at you. The blast of flame hits you. You resist.
* * * LOW HITPOINT WARNING * * *
You hit the hell hound. The hell hound closely misses you.
You closely miss the hell hound. The hell hound bites you.
* * * LOW HITPOINT WARNING * * *
The hell hound breathes flames at you. The blast of flame hits you. You resist.
* * * LOW HITPOINT WARNING * * *
It was a potion of might.
You feel very mighty all of a sudden. The hell hound bites you!
You die...

*,,,,,,,,,,,,,**
***,,,,,,,,,,,**
**,,,,,,,,,,,,*
*,,*,,,,,,,,,**
*###*,,,,,,,**
##.##,,,,,,,*
**#...#,,,,,,,**
*#.h.#h#,,,,.,,,**
#∩.h.#@#,....,,,,**
##.###.#.....,,,,,*
###..........,,,,*
##.......>.$.,,,,*****
###..........%.,,,,,,,,*
#.#.........^..,,,,,,,,,
*#.............,,,,,,,,,
##.............,,,,,,,,,
###
####..............,,,,,,,,,


You could see a hell hound.

Vanquished Creatures
  A centaur warrior (D:9)
  The ghost of ddlpg the Carver, a novice VSGl of Makhleb (D:9)
  A black mamba (Lair:2)
  A spiny frog (Lair:2)
  A gargoyle (D:6)
  A komodo dragon (D:9)
  A troll (D:9)
  Grinder (D:6)
  A hippogriff (D:7)
  Sigmund (D:5)
  4 yaks (D:8)
  Grum (D:9)
  A vampire mosquito (D:6)
  A hell hound (Lair:2)
  4 porcupines
  Duvessa (D:7)
  2 orc warriors
  A hornet zombie (D:7)
  A sky beast (D:6)
  3 ice beasts (D:9)
  3 wolves (D:9)
  6 ogres
  4 centaurs
  5 crocodiles
  2 phantoms
  4 big kobolds
  6 gnoll sergeants (D:9)
  A bullfrog (Lair:1)
  Dowan (D:7)
  5 scorpions
  3 wights (D:6)
  A howler monkey (D:8)
  3 jellies
  A bullfrog zombie (D:5)
  2 hounds (D:5)
  3 centaur skeletons
  3 orc priests
  9 orc wizards
  A bullfrog skeleton (D:4)
  Ijyb (D:5)
  An iguana (D:4)
  3 worker ants
  A centaur simulacrum (D:9)
  2 hound skeletons
  A worker ant zombie (D:6)
  13 gnolls
  3 adders
  A howler monkey skeleton (D:7)
  A shadow imp (D:6)
  2 white imps (D:9)
  An ooze (D:2)
  An adder zombie (D:6)
  An adder skeleton (D:9)
  A worm (D:3)
  5 dart slugs
  An adder simulacrum (D:9)
  4 leopard geckos
  30 orcs
  7 bats
  5 giant cockroaches
  2 goblins (D:1)
  9 hobgoblins
  10 jackals
  3 quokkas
  5 frilled lizards
  7 kobolds
  A quokka skeleton (D:4)
  9 rats
223 creatures vanquished.

Vanquished Creatures (others)
  A bush (D:8)
  3 fungi (D:8)
  10 plants (D:8)
14 creatures vanquished.

Grand Total: 237 creatures vanquished

Notes
Turn   | Place    | Note
-------+----------+-------------------------------------------
     0 | D:1      | MatthieuS the Human Fire Elementalist began the quest for
                  | the Orb.
     0 | D:1      | Reached XP level 1. HP: 13/13 MP: 3/3
   432 | D:1      | Reached XP level 2. HP: 13/19 MP: 0/5
   542 | D:1      | Learned a level 2 spell: Throw Flame
  1305 | D:1      | Reached XP level 3. HP: 24/24 MP: 3/6
  1488 | D:1      | Learned a level 3 spell: Conjure Flame
  2810 | D:2      | Found a hazy altar of Hepliaklqana.
  3286 | D:2      | Reached XP level 4. HP: 30/30 MP: 4/7
  4037 | D:3      | Found a snail-covered altar of Cheibriados.
  4520 | D:3      | Reached XP level 5. HP: 35/35 MP: 0/9
  4699 | D:3      | Learned a level 4 spell: Sticky Flame
  5746 | D:4      | Reached XP level 6. HP: 31/41 MP: 1/11
  6283 | D:4      | Noticed a phantom
  6309 | D:4      | Killed a phantom
  6309 | D:4      | Reached XP level 7. HP: 33/46 MP: 1/13
  6578 | D:5      | Entered Level 5 of the Dungeon
  6578 | D:5      | Noticed Ijyb
  6578 | D:5      | Noticed Sigmund
  6710 | D:5      | Reached skill level 5 in Fire Magic
  6974 | D:5      | Reached skill level 1 in Fighting
  7407 | D:5      | Killed Sigmund
  7407 | D:5      | Reached XP level 8. HP: 50/56 MP: 6/14
  7652 | D:5      | Found Zin's Purification Station.
  7655 | D:5      | Found a glowing silver altar of Zin.
  7660 | D:5      | Bought a potion of curing for 90 gold pieces
  7724 | D:5      | Identified the +5 spear of Disaster {pierce, +Rage Str+4
                  | Int+5}
  7805 | D:5      | Killed Ijyb
  8439 | D:5      | Found a runed translucent door.
  8440 | D:5      | Noticed Crazy Yiuf
  8470 | D:6      | Reached skill level 5 in Spellcasting
  8568 | D:6      | Reached skill level 5 in Conjurations
  8661 | D:6      | Found an ornate altar of the Wu Jian Council.
  8711 | D:6      | Noticed Grinder
  8721 | D:6      | Paralysed by Grinder for 4 turns
  8726 | D:6      | Killed Grinder
  8992 | D:6      | Learned a level 5 spell: Fireball
  8998 | D:6      | Reached XP level 9. HP: 47/65 MP: 6/17
  9127 | D:6      | Found an iron altar of Okawaru.
  9405 | D:6      | Found a staircase to the Ecumenical Temple.
  9414 | Temple   | Entered the Ecumenical Temple
  9422 | Temple   | Became a worshipper of Vehumet
 10056 | D:6      | Noticed a gargoyle
 10066 | D:6      | Killed a gargoyle
 10706 | D:6      | Reached * piety under Vehumet
 10706 | D:6      | Offered knowledge of Shock by Vehumet.
 10706 | D:6      | Reached skill level 5 in Fighting
 11316 | D:7      | Noticed Duvessa
 11364 | D:7      | Killed Duvessa
 11397 | D:7      | Noticed Dowan
 11424 | D:7      | Killed Dowan
 11424 | D:7      | Reached XP level 10. HP: 59/74 MP: 2/19
 11718 | D:7      | Found Beul's General Store.
 11744 | D:7      | You fall into a shaft and drop 1 floor!
 11764 | D:8      | Found a staircase to the Lair.
 11768 | D:8      | Got a smoking scale mail
 12666 | D:7      | Offered knowledge of Freeze by Vehumet.
 13147 | D:8      | Reached ** piety under Vehumet
 13683 | D:8      | Found a shattered altar of Ashenzari.
 13768 | D:8      | Found a deep blue altar of Sif Muna.
 14202 | D:9      | Found a staircase to the Orcish Mines.
 14218 | D:9      | Reached skill level 1 in Armour
 14218 | D:9      | Offered knowledge of Ignite Poison by Vehumet.
 14231 | D:9      | Reached XP level 11. HP: 56/83 MP: 4/22
 14237 | D:9      | Reached *** piety under Vehumet
 14535 | D:9      | Identified the +1 scale mail of Happy Babbling {rPois rC-
                  | rCorr} (You found it on level 8 of the Dungeon)
 14599 | D:9      | Noticed a centaur warrior
 14633 | D:9      | Killed a centaur warrior
 14927 | D:9      | Noticed ddlpg's ghost (novice VSGl)
 14938 | D:9      | Noticed Grum
 14974 | D:9      | Killed Grum
 15324 | D:9      | Found a runed translucent gate.
 15324 | D:9      | Found a runed translucent gate.
 15324 | D:9      | Found a runed translucent gate.
 15354 | D:9      | Found a bloodstained altar of Trog.
 15709 | D:9      | Found a glowing golden altar of the Shining One.
 15939 | D:9      | Offered knowledge of Stone Arrow by Vehumet.
 16129 | D:9      | Killed ddlpg's ghost
 16206 | D:9      | Got the ring "Suiss" {Fire}
 16212 | D:9      | Identified the ring "Suiss" {Fire +Fly MR+++ Str-4 Int-2}
                  | (You found it on level 9 of the Dungeon)
 16278 | Lair:1   | Entered Level 1 of the Lair of Beasts
 16827 | Lair:1   | Learned a level 4 spell: Olgreb's Toxic Radiance
 16989 | Lair:2   | Found a dark tunnel.
 17029 | Lair:2   | Slain by a hell hound

Levels and vault maps discovered:
D:1:      saegor_arrival_miasma, layout_basic
D:2:      layout_basic, lemuel_round_altar, minmay_misc_feat_doors,
          grunt_ministairs_9
D:3:      layout_basic, kennysheep_slug_shrine
D:4:      layout_basic
D:5:      layout_loops_corners, zin_purify, first_ration,
          hangedman_decor_points, uniq_ijyb, uniq_crazy_yiuf_cottage,
          uniq_sigmund
D:6:      layout_gridville, okawaru_altar_gauntlet_db,
          minmay_temple_entry_mini_moons, basic_altar, minmay_three_doors,
          uniq_grinder
D:7:      layout_basic, serial_shops, shop, hex_large, uniq_duvessa
D:8:      layout_rooms, lemuel_blue_sif_altar, minmay_lair_entry_grove,
          blue_anna_alchemist [blue_anna_fruit_fields, blue_anna_fruit_fields],
          ashenzari_altar_1
D:9:      layout_loops_corners, bloody_trog, nicolae_tso_swordbearing_angel,
          kennysheep_orc_monster_closet_entryway, gammafunk_ghost_icy,
          minmay_diamond_spiral, uniq_grum
Temple:   nicolae_temple_no_exploring_needed
Lair:1:   layout_roguey
Lair:2:   layout_hall_layers, enter_volcano_3, beast_lair_carwin_11,
          lemuel_fruit_fields

Skill      XL: |  1  2  3  4  5  6  7  8  9 10 11 |
---------------+----------------------------------+-----
Conjurations   | 2 3 4 5 6 7 8 |  8.3
Spellcasting   | 3 4 5 6 7 |  7.9
Fire Magic     | 4 5 6 7 8 |  8.9
Fighting       | 2 3 5 6 7 |  7.2
Armour         | 1 2 |  2.6
Stealth        | 3 |  3.6
Shields        | 4 |  4.3
Poison Magic   | 3 |  3.0
Dodging        | |  2.0

Action                   |  1- 3 |  4- 6 |  7- 9 | 10-12 || total
-------------------------+-------+-------+-------+-------++-------
Melee: Short sword       |    23 |    39 |     4 |       ||    66
       Unarmed           |       |       |    35 |       ||    35
       Spear             |       |       |    30 |    37 ||    67
 Cast: Flame Tongue      |    40 |    81 |   199 |   154 ||   474
       Throw Flame       |    16 |    14 |    50 |    39 ||   119
       Sticky Flame      |       |       |     5 |    16 ||    21
       Conjure Flame     |       |       |     4 |    11 ||    15
       Fireball          |       |       |       |     8 ||     8
       Olgreb's Toxic Ra |       |       |       |     1 ||     1
Evoke: Wand              |       |       |       |    10 ||    10
       Box of beasts     |       |       |       |     1 ||     1
  Use: Scroll            |       |       |     3 |    12 ||    15
       Potion            |       |       |     3 |    12 ||    15
 Stab: Invisible         |       |       |     4 |       ||     4
  Eat: Chunk             |     8 |     7 |     7 |     9 ||    31
       Ration            |       |     1 |     3 |     3 ||     7
Armor: Robe              |    10 |    11 |       |    33 ||    54
       Leather armour    |       |     9 |    53 |       ||    62
       Skin              |       |       |       |    26 ||    26
Dodge: Dodged            |    23 |    55 |   122 |    71 ||   271
Block: Buckler           |       |       |       |    18 ||    18

Table legend:
 A = Non-vault XP
 B = Vault XP
 C = Vault XP percentage of total XP
 D = Non-vault monster count
 E = Vault monster count
 F = Vault count percentage of total count
                 A         B        C        D         E       F
            +---------+---------+-------+---------+---------+-------
      Total |    4828 |    8158 |  62.8 |     155 |      68 |  30.5
            +---------+---------+-------+---------+---------+-------
        D:1 |      36 |       0 |   0.0 |      19 |       0 |   0.0
        D:2 |      33 |       3 |   8.3 |      18 |       2 |  10.0
        D:3 |      74 |       4 |   5.1 |      14 |       1 |   6.7
        D:4 |     435 |       0 |   0.0 |      20 |       0 |   0.0
        D:5 |     463 |     263 |  36.2 |      17 |       2 |  10.5
        D:6 |    1202 |     932 |  43.7 |      27 |      10 |  27.0
        D:7 |     811 |     294 |  26.6 |      25 |       3 |  10.7
        D:8 |     240 |    1811 |  88.3 |       6 |      13 |  68.4
        D:9 |     289 |    4725 |  94.2 |       4 |      36 |  90.0
     Lair:1 |     235 |       0 |   0.0 |       2 |       0 |   0.0
     Lair:2 |    1010 |     126 |  11.1 |       3 |       1 |  25.0
            +---------+---------+-------+---------+---------+-------
